 Dungeon Crawl Stone Soup version 0.14-a0-1192-g192f278 (webtiles) character file.

1771 4tharraofdagon the Firebug (level 8, -9/62 HPs)
             Began as a Naga Fire Elementalist on Dec 1, 2013.
             Was a Follower of Vehumet.
             Shot with an arrow by a centaur (19 damage)
             ... on Level 11 of the Dungeon.
             The game lasted 00:26:50 (2913 turns).

4tharraofdagon the Firebug (Naga Fire Elementalist) Turns: 2913, Time: 00:26:51

HP  -9/62        AC  3     Str 10      XL: 8   Next: 97%
MP  15/18        EV 10     Int 19      God: Vehumet [*.....]
Gold 142         SH  0     Dex 11      Spells:  4 memorised,  2 levels left

rFire  + . .     SeeInvis +     B - +4,+3 dwarf war axe (elec)
rCold  x . .     Clarity  .     a - +0 robe
rNeg   . . .     Conserve .     (no shield)
rPois  +         rCorr    .     (no helmet)
rElec  .         rRot     .     (no cloak)
SustAb . .       Spirit   .     (no gloves)
rMut   .         Warding  .     (no barding)
Saprov . . .     Stasis   .     (no amulet)
                                h - ring of fire
                                z - ring of see invisible {unknown}

@: slowed, very slow, somewhat resistant to hostile enchantments, fairly
stealthy
A: spit poison, see invisible, deformed body, poison resistance, slowness 2, AC
+2
a: Spit Poison, Renounce Religion


You were on level 11 of the Dungeon.
You worshipped Vehumet.
Vehumet was aware of your devotion.
You were hungry.

You visited 2 branches of the dungeon, and saw 12 of its levels.

You collected 142 gold pieces.

Inventory:

Hand weapons
 k - a +0,+0 trident
 p - a +0,+0 dagger
 B - a +4,+3 dwarven war axe of electrocution (weapon)
Missiles
 f - 10 darts (quivered)
 w - 7 curare-tipped needles
Armour
 a - a +0 robe (worn)
Magical devices
 d - a wand of confusion (8)
 A - a wand of confusion (12)
Comestibles
 c - 4 bread rations
 u - a meat ration
 F - a chunk of manticore flesh
Scrolls
 e - a scroll of teleportation
 i - a scroll of fear {unknown}
 r - a scroll of enchant weapon II {unknown}
 s - a scroll of enchant armour {unknown}
 t - 4 scrolls of enchant weapon I
 y - a scroll of blinking {unknown}
 C - a scroll of curse armour {unknown}
Jewellery
 h - a ring of fire (right hand)
 q - an uncursed ring of teleportation
 z - a ring of see invisible (left hand) {unknown}
Potions
 g - a potion of poison
 j - a potion of invisibility {unknown}
 l - a potion of heal wounds
 m - a potion of brilliance
 n - a potion of curing
 x - a potion of agility {unknown}
 D - 2 potions of mutation {unknown}
Books
 b - a book of Flames

   Spells                             Type                      Level
   *Flame Tongue                      Conjuration/Fire             1
   Throw Flame                        Conjuration/Fire             2
   *Conjure Flame                     Conjuration/Fire             3
   Inner Flame                        Hexes/Fire                   3
   *Sticky Flame                      Conjuration/Fire             4
   *Fireball                          Conjuration/Fire             5


   Skills:
 - Level 1.5 Dodging
 - Level 3.0 Stealth
 + Level 4.2 Spellcasting
 * Level 7.0 Conjurations
 * Level 7.6 Fire Magic


You had 2 spell levels left.
You knew the following spells:

 Your Spells              Type           Power        Failure   Level  Hunger
a - Flame Tongue          Conj/Fire      #####        1%          1    None
b - Conjure Flame         Conj/Fire      #####...     1%          3    ###....
c - Sticky Flame          Conj/Fire      #####...     10%         4    ####...
d - Fireball              Conj/Fire      #####.....   21%         5    #####..


Dungeon Overview and Level Annotations

Branches:
Dungeon (11/16)            Temple (1/1) D:6
    Orc: D:9-12        Lair: D:8-11

Altars:
Cheibriados
Elyvilon
Fedhas
Kikubaaqudgha
Makhleb
Okawaru
Trog
Vehumet
Xom
Yredelemnul
Zin
the Shining One

Annotations:
D:2 Sigmund
D:8 exclusion: crimson imp


Innate Abilities, Weirdness & Mutations

You cannot wear boots.
You can spit poison.
Your serpentine skin is tough (AC +2).
You have supernaturally acute eyesight.
Armour fits poorly on your strangely shaped body.
Your system is resistant to poisons.
You cover ground very slowly.


Message History

Found a stone staircase leading down.
A quokka and a hydra come into view.
You see here 4 arrows.
Unknown command.
Unknown command.
Enter note: omfg Unknown command.
Read which item? (? for menu, Esc to quit)
As you read the scroll of fog, it crumbles to dust.
The scroll dissolves into smoke.
The four-headed hydra roars!
The centaur shoots an arrow.
The arrow hits you!
The centaur wields a bow.
The centaur shoots an arrow.
The arrow misses you.
The arrow misses the quokka.
The centaur shoots an arrow.
The arrow hits you!
* * * LOW HITPOINT WARNING * * *
The quokka bites you.
* * * LOW HITPOINT WARNING * * *
The centaur shoots an arrow.
The arrow misses you.
The centaur shoots an arrow.
The arrow misses you.
The centaur shoots an arrow.
The arrow hits you!
You die...

... .........
...........
..........#..
.....(....D....
.....>.........
...(.(.§..... .
...(...§r§.#.....
......§§@§.......
.......§§§.......
..#.......c....
.........cc....
.#?............
.............
..#........
.#....... ...


You could see a four-headed hydra, 3 centaurs and a quokka.

Vanquished Creatures
  The ghost of 4tharraofdagon the Firebug, an experienced NaFE (D:5)
  A manticore (D:9)
  An ice beast (D:7)
  A sky beast (D:8)
  3 ogres
  A phantom (D:4)
  3 centaurs
  A big kobold (D:9)
  2 crimson imps
  3 scorpions
  2 hounds
  An orc priest (D:9)
  A worker ant (D:5)
  An iguana (D:8)
  Ijyb (D:2)
  A hound zombie (D:5)
  A worker ant zombie (D:5)
  5 adders
  5 worms
  2 iguana zombies
  2 giant eyeballs
  7 orcs
  2 ball pythons
  3 bats
  A bat skeleton (D:7)
  3 giant cockroaches
  8 goblins
  9 hobgoblins
  6 jackals
  9 kobolds
  A quokka (D:10)
  3 giant geckos
  2 giant newts (D:2)
  A jackal skeleton (D:5)
  An orc zombie (D:5)
  7 rats
102 creatures vanquished.

Vanquished Creatures (others)
  A giant spore (D:7)
1 creature vanquished.

Grand Total: 103 creatures vanquished

Notes
Turn   | Place    | Note
--------------------------------------------------------------
     0 | D:1      | 4tharraofdagon, the Naga Fire Elementalist, began the quest for the Orb.
     0 | D:1      | Reached XP level 1. HP: 15/15 MP: 3/3
   115 | D:2      | Reached XP level 2. HP: 22/22 MP: 4/4
   182 | D:2      | Reached XP level 3. HP: 28/28 MP: 1/6
   187 | D:2      | Learned a level 3 spell: Conjure Flame
   187 | D:2      | 4tharraofdagon: you know you can spit yourself
   187 | D:2      | 4tharraofdagon: which is pretty funny
   187 | D:2      | timbw: i saw
   188 | D:2      | timbw: i remember :D
   194 | D:2      | Ladykiller69: no point tho
   218 | D:2      | Noticed Ijyb
   219 | D:2      | 4tharraofdagon: disint
   228 | D:2      | Killed Ijyb
   239 | D:2      | Noticed Sigmund
   296 | D:2      | Reached XP level 4. HP: 32/36 MP: 2/7
   407 | D:2      | timbw: btw
   415 | D:2      | timbw: its better to use wand
   417 | D:2      | timbw: u get more 1.6-1.7
   436 | D:2      | wojtek: 4tharra: I finished already
   444 | D:2      | wojtek: (unfortunatelly)
   452 | D:2      | 4tharraofdagon: oh
   452 | D:2      | 4tharraofdagon: :(
   452 | D:2      | 4tharraofdagon: what did happen
   479 | D:3      | Reached skill level 4 in Fire Magic
   483 | D:3      | wojtek: I went to elf:3, then went to abyss (involuntarilly) to gain a new set of mutations, then went back to face Mara
   521 | D:4      | Found an ancient bone altar of Kikubaaqudgha.
   533 | D:4      | wojtek: since I was a mighty minotaur of Makhleb with a vampiric greataxe, I feared nothing, obviously
   563 | D:5      | Entered Level 5 of the Dungeon
   564 | D:5      | wojtek: with 2 sources of healing, what could possibly go wrong?
   589 | D:4      | Noticed a phantom
   591 | D:4      | Ladykiller69: everything
   602 | D:5      | Ladykiller69: everything always goes wrong
   603 | D:5      | wojtek: yeah, this game hats me
   613 | D:5      | wojtek: hates
   615 | D:5      | Reached XP level 5. HP: 42/42 MP: 3/9
   637 | D:5      | Ladykiller69: oh my
   677 | D:5      | Noticed 4tharraofdagon's ghost (experienced NaFE)
   680 | D:5      | Ladykiller69: now you can stab people over cflames
   701 | D:5      | Ladykiller69: why not Vm
   713 | D:5      | timbw: u have ring of fire
   716 | D:5      | timbw: i say fight
   726 | D:5      | Killed 4tharraofdagon's ghost
   726 | D:5      | Reached skill level 5 in Fire Magic
   726 | D:5      | Reached XP level 6. HP: 17/49 MP: 0/11
   727 | D:5      | 4tharraofdagon: ty
   732 | D:5      | Learned a level 4 spell: Sticky Flame
   751 | D:5      | 4tharraofdagon: well
   751 | D:5      | timbw: hm
   751 | D:5      | timbw: weird
   751 | D:5      | 4tharraofdagon: i wont get 1.6's
   751 | D:5      | timbw: oh
   751 | D:5      | 4tharraofdagon: 1.6's are from shield
   751 | D:5      | timbw: i had shield
   751 | D:5      | timbw: yes
   751 | D:5      | 4tharraofdagon: it slows you down
   800 | D:5      | Ladykiller69: I forget
   836 | D:5      | Ladykiller69: do you have to actually "w"ear a shield to be able to train shields?
   848 | D:5      | Paralysed by a giant eyeball for 2 turns
   856 | D:5      | timbw: that ghost u killed
   869 | D:5      | timbw: that was the weakest sticky i have ever seen
   871 | D:5      | timbw: i think
   892 | D:5      | timbw: it lasted like 1 turn?
   896 | D:5      | timbw: maybe 2?
   900 | D:6      | Paralysed by a giant eyeball for 3 turns
   977 | D:7      | 4tharraofdagon: tell me
   977 | D:7      | 4tharraofdagon: are dungeons rolled before you enter certain location or in real time
   977 | D:7      | timbw: portals are rolled when u enter
   977 | D:7      | timbw: only thing i know
   977 | D:7      | 4tharraofdagon: like if i enter d:8 now and my game will crash and ill get rollback to d:7,will it be the same d:8?
   977 | D:7      | timbw: idk
   977 | D:7      | Daniel: no imo
   977 | D:7      | timbw: i only know about portals
   977 | D:7      | Daniel: there is an option for your rc file
   977 | D:7      | 4tharraofdagon: what option
   977 | D:7      | Daniel: which lists the level and vault options you get throughout the game
   977 | D:7      | Daniel: and it only lists those you have visited
   977 | D:7      | Daniel: so imo
   977 | D:7      | Daniel: every level is generated when you enter it
   977 | D:7      | 4tharraofdagon: ye
  1002 | D:7      | 4tharraofdagon: why did i ask
  1002 | D:7      | Daniel: but you can try it in the desktop version
  1002 | D:7      | Daniel: with savescumming
  1002 | D:7      | Daniel: save your game
  1002 | D:7      | Daniel: copy it
  1002 | D:7      | Daniel: play it, then die
  1002 | D:7      | Daniel: copy back your old save
  1002 | D:7      | 4tharraofdagon: ild like to see higher chance of finding temple whenever game checks if you didnt already find it in previous locations
  1002 | D:7      | Daniel: and see if the same levels are generated
  1027 | D:7      | Reached XP level 7. HP: 55/55 MP: 4/14
  1085 | D:7      | Ladykiller69: whats his armour btw?
  1150 | D:7      | Daniel: naked naga skin with bras
  1164 | D:7      | Found an iron altar of Okawaru.
  1171 | D:7      | Noticed a wyvern
  1369 | D:5      | Daniel: 4th: you thinking about diveing to d7 without exploring to get temple on d7?
  1506 | D:4      | Killed a phantom
  1552 | D:4      | Ladykiller69: and are you planning sif or veh?
  1556 | D:4      | 4tharraofdagon: veh
  1562 | D:4      | Ladykiller69: or even chei!?
  1622 | D:4      | Ladykiller69: chei int is like an enhancer
  1650 | D:4      | Reached skill level 5 in Conjurations
  1650 | D:4      | Reached skill level 6 in Fire Magic
  1757 | D:5      | Ladykiller69: you should go chei if you find a good spellbook
  1822 | D:5      | Noticed a centaur
  1828 | D:5      | Killed a centaur
  1891 | D:5      | 4tharraofdagon: chei
  1891 | D:5      | 4tharraofdagon: ix total extreme
  1891 | D:5      | bart: chei spellcaster is... no. That's not normal.
  1891 | D:5      | 4tharraofdagon: only bloax can ride cheiga
  1895 | D:6      | Ladykiller69: I won one
  1903 | D:6      | Ladykiller69: on my only win
  2087 | D:6      | Found a staircase to the Ecumenical Temple.
  2094 | D:6      | timbw: finally
  2095 | D:6      | timbw: zzz
  2119 | Temple   | Entered the Ecumenical Temple
  2124 | Temple   | Ladykiller69: chei chei chei
  2130 | Temple   | Ladykiller69: *chants*
  2137 | Temple   | Ladykiller69: chei chei chei
  2137 | Temple   | Became a worshipper of Vehumet
  2138 | Temple   | Ladykiller69: nuuuu
  2138 | Temple   | 4tharraofdagon: :(
  2162 | D:6      | bart: it's still not too late
  2165 | D:6      | bart: you can switch
  2169 | D:6      | Ladykiller69: chei despises you, traitor
  2169 | Temple   | bart: do that, will be fun!
  2169 | Temple   | 4tharraofdagon: slugs will avenge this decision
  2169 | Temple   | Ladykiller69: do iiit
  2169 | Temple   | bart: take a challenge
  2169 | Temple   | Ladykiller69: you just have to work on your polearms skill
  2169 | Temple   | 4tharraofdagon: CUT THE SPAM!
  2210 | D:7      | Ladykiller69: awww
  2256 | D:8      | Reached XP level 8. HP: 52/62 MP: 9/16
  2312 | D:8      | Learned a level 5 spell: Fireball
  2456 | D:8      | Ladykiller69: also
  2461 | D:8      | Ladykiller69: since I assume you will try to 15 rune
  2470 | D:8      | Ladykiller69: how do you plan to survive hell?
  2485 | D:7      | Ladykiller69: as Na?
  2487 | D:8      | 4tharraofdagon: ill invest some summ
  2487 | D:8      | 4tharraofdagon: these apts looks at least average
  2487 | D:8      | 4tharraofdagon: (just like bart's one :p )
  2487 | D:8      | 4tharraofdagon: ones*
  2510 | D:8      | Reached skill level 7 in Fire Magic
  2697 | D:9      | Acquired Vehumet's first power
  2697 | D:9      | Offered knowledge of Sandblast by Vehumet.
  2698 | D:9      | #1
  2767 | D:10     | Entered Level 10 of the Dungeon
  2913 | D:11     | Noticed a four-headed hydra
  2913 | D:11     | omfg
  2913 | D:11     | Ladykiller69: oh shit
  2913 | D:11     | Shot with an arrow by a centaur

Action                   |  1- 3 |  4- 6 |  7- 9 || total
-------------------------+-------+-------+-------++-------
Melee: Unarmed           |       |     8 |       ||     8
       Trident           |       |    13 |    49 ||    62
       War axe           |       |       |    51 ||    51
 Cast: Flame Tongue      |    18 |    34 |    71 ||   123
       Conjure Flame     |       |     6 |     3 ||     9
       Sticky Flame      |       |       |     8 ||     8
       Fireball          |       |       |     2 ||     2
 Abil: Spit Poison       |    20 |    18 |    24 ||    62
Evoke: Wand              |     3 |       |     4 ||     7
  Use: Potion            |     2 |       |       ||     2
       Scroll            |     3 |       |     7 ||    10
